[Event "Live Chess"]
[Site "Chess.com"]
[Date "2023.05.21"]
[Round "-"]
[White "Jo1ts"]
[Black "Shepherds_Pie"]
[Result "0-1"]
[WhiteElo "830"]
[BlackElo "1920"]
[TimeControl "300"]
[EndTime "22:19:33 PDT"]
[Termination "Shepherds_Pie won by checkmate"]

1. d4 d5 2. Bf4 c5 3. c3 Nf6 4. Nf3 Bf5 5. e3 e6 6. Bd3 Bxd3 7. Qxd3 Qb6 8. Qc2 Nc6 9. O-O Be7 10. Ne5 O-O 11. a3 c4 12. Nd2 a5 13. b4 axb4 14. axb4 Nh5 15. Ndf3 Nxf4 16. exf4 Qc7 17. g3 b5 18. Ng5 Bxg5 19. fxg5 Nxe5 20. dxe5 Qxe5 21. f4 Qe3+ 22. Kh1 d4 23. cxd4 Qxd4 24. Rxa8 Rxa8 25. Rd1 Ra1 26. Rxa1 Qxa1+ 27. Kg2 Qd4 28. Qa2 Qd5+ 29. Kh3 g6 30. Kg4 c3 31. Qa5 c2 32. Qa3 Qd1+ 33.
Kh4 c1=Q 34. Qa8+ Kg7 35. Qb8 Qh5# 0-1

[Event "Live Chess"]
[Site "Chess.com"]
[Date "2023.05.21"]
[Round "-"]
[White "Hacker_2009"]
[Black "Nazar_777"]
[Result "1-0"]
[WhiteElo "1934"]
[BlackElo "1620"]
[TimeControl "300"]
[EndTime "22:19:45 PDT"]
[Termination "Hacker_2009 won by checkmate"]

1. d4 e6 2. Nf3 a6 3. c4 h5 4. e3 c5 5. Nc3 cxd4 6. Nxd4 Nc6 7. Be2 Nf6 8. O-O Be7 9. b3 Qc7 10. Bb2 Ng4 11. g3 b6 12. Nxc6 Qxc6 13. Bf3 Qc7 14. Bxa8 f5 15. Bg2 h4 16. Ne2 Bf6 17. Bxf6 gxf6 18. Nf4 Bb7 19. Ng6 Rh6 20. Nxh4 Rxh4 21. Bxb7 Rxh2 22. Bf3 Nxe3 23. Qe2 f4 24. Kxh2 fxg3+ 25. fxg3 Nf5 26. Qg2 Kf7 27. Rae1 Qb8 28. Qh3 b5 29.
Qh7+ Ng7 30. Bh5+ Kf8 31. Qh8+ Ke7 32. Qxb8 Nf5 33. cxb5 axb5 34. Qxb5 d5 35. a4 Nd4 36. Qc5+ Kd7 37. Qxd4 Kd6 38. Rxf6 Kc7 39. Rfxe6 Kb8 40. Re7 Kc8 41. Qc5+ Kd8 42. Qc7# 1-0

[Event "Live Chess"]
[Site "Chess.com"]
[Date "2023.05.21"]
[Round "-"]
[White "profpirate4"]
[Black "Rusty_Bridges"]
[Result "1-0"]
[WhiteElo "1147"]
[BlackElo "1435"]
[TimeControl "300"]
[EndTime "22:19:48 PDT"]
[Termination "profpirate4 won by checkmate"]

1. d4 d5 2. c4 e6 3. Nc3 Bb4 4. Qc2 Bxc3+ 5. Qxc3 c6 6. e3 Nf6 7. Ne2 Qc7 8. cxd5 exd5 9. Qc2 Nbd7 10. Ng3 Nb6 11.
a3 Be6 12. b3 O-O 13. Bd3 Nc8 14. O-O Nd6 15. f3 Rfe8 16. Re1 Qd7 17. Bd2 b6 18. e4 dxe4 19. fxe4 Ng4 20. e5 Nb5 21. Bxh7+ Kh8 22. Bd3 Nxd4 23. Qd1 Nxb3 24. h3 Nxa1 25. hxg4 Bxg4 26. Be2 Bxe2 27. Qxe2 Nc2 28. Qh5+ Kg8 29. Re2 Nd4 30. Re4 Nf5 31. Nxf5 Qxd2 32. Rh4 Qe1+ 33. Kh2 Qxh4+ 34. Qxh4 Rxe5 35. Ne7+ Kf8 36. Nxc6 Re6 37. Qh8# 1-0

[Event "Live Chess"]
[Site "Chess.com"]
[Date "2023.05.21"]
[Round "-"]
[White "Long1968"]
[Black "ExIsambard"]
[Result "0-1"]
[WhiteElo "1055"]
[BlackElo "1921"]
[TimeControl "300"]
[EndTime "22:20:29 PDT"]
[Termination "ExIsambard won by resignation"]

1. e4 e5 2. f4 exf4 3. Bc4 d6 4. Nf3 h6 5. h4 Be6 6. Bb3 Bxb3 7. axb3 Be7 8. O-O Bxh4 9. d4 Bg5 10. Nc3 Ne7 11. Ne2 Ng6 12. Bd2 O-O 13. Qc1 Re8 14. Nxf4 Nxf4 15.
Bxf4 Nc6 16. Bxg5 hxg5 17. Nxg5 f6 18. Qf4 Nxd4 19. Nh3 Ne2+ 0-1

[Event "Live Chess"]
[Site "Chess.com"]
[Date "2023.05.21"]
[Round "-"]
[White "CheckThis4"]
[Black "matt1979"]
[Result "1-0"]
[WhiteElo "2492"]
[BlackElo "1503"]
[TimeControl "300"]
[EndTime "22:21:18 PDT"]
[Termination "CheckThis4 won by resignation"]

1. d4 e6 2. Nc3 Bb4 3. e4 Bxc3+ 4. bxc3 d5 5. e5 Ne7 6. Qg4 O-O 7. Bd3 Ng6 8. h4 Re8 9. h5 Nf8 10. Bg5 Qd7 11.
Bf6 g6 12. Nf3 Nc6 13. Qg5 Ne7 14. Qh6 Nf5 15. Bxf5 1-0

[Event "Live Chess"]
[Site "Chess.com"]
[Date "2023.05.21"]
[Round "-"]
[White "BillythekidFellowes"]
[Black "LutherSullivan"]
[Result "0-1"]
[WhiteElo "2031"]
[BlackElo "2184"]
[TimeControl "300"]
[EndTime "22:22:36 PDT"]
[Termination "LutherSullivan won by resignation"]

1. e4 e5 2. Nf3 Nc6 3. Bc4 Nf6 4. d3 Bc5 5. Bg5 h6 6. Bh4 g5 7. Bg3 a6 8. Nc3 b5 9. Bb3 d6 10. O-O Rg8 11. Ne2 h5 12. h4 g4 13.
Nd2 Bb6 14. c3 Ne7 15. d4 Ng6 16. a4 Bb7 17. a5 Ba7 18. Qc2 c5 19. dxc5 Bxc5 20.
Rfd1 Rc8 21. Bd5 Nxd5 22. exd5 Nxh4 23. Ne4 Ng6 24. Nc1 h4 25. Bh2 g3 26. Bxg3 hxg3 27. Nxg3 Nf4 0-1

[Event "Live Chess"]
[Site "Chess.com"]
[Date "2023.05.21"]
[Round "-"]
[White "1PRK1"]
[Black "smoggyrabbit"]
[Result "0-1"]
[WhiteElo "1362"]
[BlackElo "1740"]
[TimeControl "300"]
[EndTime "22:23:05 PDT"]
[Termination "smoggyrabbit won on time"]

1. e4 e6 2. d4 d5 3. Nc3 Nf6 4. e5 Nfd7 5. f4 c5 6. Nf3 Nc6 7. Be3 b6 8. Bb5 Bb7 9. O-O Be7 10. g4 O-O 11. f5 cxd4 12. Bxc6 Bxc6 13. Nxd4 Nxe5 14. fxe6 fxe6 15. Nxe6 Rxf1+ 16. Qxf1 Qd7 17. Qf5 Nc4 18. Rf1 Bf6 19. Bd4 Bxd4+ 20. Nxd4 Qxf5 21.
Nxf5 Re8 22. b3 Ne3 23. Nxe3 Rxe3 24. Nd1 Re2 25. Rf2 Re1+ 26. Rf1 Rxf1+ 27. Kxf1 Kf7 28. Ne3 Ke6 29. Nf5 g6 30. Nd4+ Kd6 31. Nxc6 Kxc6 32. Ke2 Kc5 33. Kd3 Kb4 34. Kd2 Ka3 35. c4 Kxa2 36. cxd5 Kxb3 37. d6 a5 38. d7 a4 39.
d8=Q a3 40. Qxb6+ Kc4 41. Qe3 Kd5 0-1

[Event "Live Chess"]
[Site "Chess.com"]
[Date "2023.05.21"]
[Round "-"]
[White "mirandaasilva"]
[Black "Conradical12"]
[Result "0-1"]
[WhiteElo "1673"]
[BlackElo "1638"]
[TimeControl "300"]
[EndTime "22:23:24 PDT"]
[Termination "Conradical12 won by resignation"]

1. e4 e5 2. Nf3 Nc6 3. Bc4 Nf6 4. d3 Bc5 5. a4 a5 6. O-O O-O 7. c3 d5 8. exd5 Nxd5 9. Nbd2 Nb6 10. Bb5 Na7 11.
Ne4 Nxb5 12. Nxc5 Nd6 13. Nxe5 h6 14. Qf3 Be6 15. c4 Rb8 16. Qg3 Nf5 17. Qf3 Nd4 18. Qg3 Ne2+ 19. Kh1 Nxg3+ 20. hxg3 Qd4 21. Nxe6 fxe6 22. Nf3 Qxd3 23. Be3 Nxc4 24. Rfd1 Qf5 25. b3 Nxe3 26. fxe3 e5 27. Rd5 Qe4 28. Rxe5 Qg4 29. Rd1 Rxf3 30. gxf3 Qxf3+ 0-1

[Event "Live Chess"]
[Site "Chess.com"]
[Date "2023.05.21"]
[Round "-"]
[White "Shepherds_Pie"]
[Black "Singapourfeuj"]
[Result "0-1"]
[WhiteElo "1917"]
[BlackElo "2197"]
[TimeControl "300"]
[EndTime "22:23:32 PDT"]
[Termination "Singapourfeuj won by resignation"]

1. c4 Nf6 2. Nc3 g6 3. g3 Bg7 4. Bg2 O-O 5. Nf3 c5 6. O-O Nc6 7. d4 d6 8. dxc5 dxc5 9. Qa4 Qa5 10. Rd1 Be6 11. Nd2 Qxa4 12. Nxa4 Nd7 13. Ne4 Nd4 14. Naxc5 Nxc5 15. Nxc5 Nxe2+ 16. Kh1 Bxc4 17. Be3 Rad8 18. Bf1 Bxb2 19. Rab1 Rxd1 20. Rxd1 Nc3 21. Rd7 Bxf1 22. Rxe7 Nd5 23. Rxb7 Nxe3 24. Rxb2 Nf5 25. Kg1 Bc4 26. Nd7 Rd8 27. Nf6+ Kg7 0-1

[Event "Live Chess"]
[Site "Chess.com"]
[Date "2023.05.21"]
[Round "-"]
[White "KeithArkell"]
[Black "chessfiction"]
[Result "1-0"]
[WhiteElo "2560"]
[BlackElo "2338"]
[TimeControl "300"]
[EndTime "22:23:38 PDT"]
[Termination "KeithArkell won by resignation"]

1. d4 d5 2. Nf3 Nc6 3. c4 Bg4 4. Nc3 Nf6 5. cxd5 Nxd5 6. e4 Nxc3 7. bxc3 e6 8. Bb5 Be7 9. Bxc6+ bxc6 10. Qa4 O-O 11.
Ne5 Bh5 12. Nxc6 Qd7 13. Nxe7+ Qxe7 14. O-O c5 15. Ba3 Qg5 16. f4 Qg6 17. Bxc5 Rfc8 18. f5 Qg5 19. fxe6 fxe6 20. Rae1 Rab8 21. Rf2 Rb7 22. h3 Rcb8 23. Qc6 h6 24. Qxe6+ Kh8 25. Qf5 Rb1 26. Rxb1 Rxb1+ 27. Kh2 Qc1 28. Qxh5 Qh1+ 29. Kg3 Rc1 30. Rf8+ Kh7 31. Qf5+ 1-0

[Event "Live Chess"]
[Site "Chess.com"]
[Date "2023.05.21"]
[Round "-"]
[White "RockTroll"]
[Black "Biranidun"]
[Result "0-1"]
[WhiteElo "2245"]
[BlackElo "2549"]
[TimeControl "300"]
[EndTime "22:24:02 PDT"]
[Termination "Biranidun won by resignation"]

1. d4 Nf6 2. c4 g6 3. f3 Bg7 4. e4 d6 5. Nc3 O-O 6. Nge2 c5 7. d5 e6 8. Ng3 exd5 9. cxd5 a6 10. a4 Re8 11. Be2 h5 12. Bg5 Qb6 13. Qd2 Nh7 14.
Bh6 Bxh6 15. Qxh6 Qxb2 16. Rc1 h4 17. Nf1 Nd7 18. Kf2 Ne5 19. Nd2 Bd7 20. Rhd1 b5 21.
Qxh4 b4 22. Ncb1 Bxa4 23. f4 Bxd1 24. Rxd1 Qd4+ 25. Kf1 Nd3 26. Nf3 Qxe4 27. Bxd3 Qxd5 28. Qxh7+ Kxh7 29. Bxg6+ fxg6 30. Rxd5 Red8 31. Ng5+ Kg8 32.
Nd2 a5 33. Nde4 a4 34. Nf6+ Kg7 35. Ng4 a3 36. Ne6+ Kh8 37. Kf2 Re8 38. Ng5 a2 39. Nf7+ Kg7 0-1

[Event "Live Chess"]
[Site "Chess.com"]
[Date "2023.05.21"]
[Round "-"]
[White "CheckThis4"]
[Black "Jonmill"]
[Result "1-0"]
[WhiteElo "2492"]
[BlackElo "1236"]
[TimeControl "300"]
[EndTime "22:24:47 PDT"]
[Termination "CheckThis4 won by resignation"]

1. d4 Nf6 2. Nc3 g6 3. e4 d6 4. Be3 Bg7 5. Qd2 Nbd7 6. Bh6 Bxh6 7. Qxh6 Rg8 8. Nf3 c6 9. O-O-O Qb6 10. h3 Nf8 11. Bc4 Be6 12. d5 cxd5 13. exd5 Bf5 14. g4 Qxf2 15. Rhf1 Qb6 16. gxf5 Nh5 17. Bb5+ Kd8 18.
fxg6 fxg6 19. Nd4 a6 20. Rxf8+ 1-0

[Event "Live Chess"]
[Site "Chess.com"]
[Date "2023.05.21"]
[Round "-"]
[White "Ocelot32"]
[Black "BillythekidFellowes"]
[Result "0-1"]
[WhiteElo "1347"]
[BlackElo "2031"]
[TimeControl "300"]
[EndTime "22:24:47 PDT"]
[Termination "BillythekidFellowes won by resignation"]

1. e4 e6 2. d4 d5 3. exd5 exd5 4. Bd3 Nf6 5. h3 Bd6 6. Nf3 O-O 7. O-O c6 8. c3 Ne4 9. Nbd2 f5 10. Re1 Qf6 11. Nf1 Nd7 12. Be3 Nb6 13. Qc1 f4 14. Bd2 Qg6 15.
Bxe4 dxe4 16. N3h2 Bxh3 0-1

[Event "Live Chess"]
[Site "Chess.com"]
[Date "2023.05.21"]
[Round "-"]
[White "Nazarenko_vital"]
[Black "raminguy"]
[Result "1-0"]
[WhiteElo "1637"]
[BlackElo "1954"]
[TimeControl "300"]
[EndTime "22:25:13 PDT"]
[Termination "Nazarenko_vital won by resignation"]

1. e4 e5 2. Nf3 Nc6 3. d4 exd4 4. Nxd4 Qf6 5. Be3 Bc5 6. c3 Nge7 7. Be2 O-O 8. O-O d6 9. Nd2 a6 10. Nxc6 Nxc6 11.
Bxc5 dxc5 12. f4 Rd8 13. Qe1 Re8 14. Qf2 b6 15. e5 Qh6 16. Ne4 Bf5 17. Ng5 Nxe5 18.
fxe5 Qxg5 19. Qxf5 Qe3+ 20. Rf2 Rxe5 21. Qxf7+ Kh8 22.
Rf1 h6 23. Bg4 Rd8 24. h3 Re7 25. Qf5 Ree8 26. Kh1 b5 27. Bd1 Qe4 28. Qxe4 Rxe4 29.
Rf8+ 1-0

[Event "Live Chess"]
[Site "Chess.com"]
[Date "2023.05.21"]
[Round "-"]
[White "ExIsambard"]
[Black "profpirate4"]
[Result "1-0"]
[WhiteElo "1921"]
[BlackElo "1146"]
[TimeControl "300"]
[EndTime "22:25:17 PDT"]
[Termination "ExIsambard won by resignation"]

1. d4 f5 2. Nf3 e6 3. Bg5 Be7 4. h4 Nf6 5. e3 O-O 6. Bd3 d6 7. c4 Nc6 8. Nbd2 Ne4 9. a3 e5 10. Nxe4 fxe4 11. Bxe4 Bg4 12. d5 Na5 13. Qc2 Bxf3 14.
gxf3 b5 15. Bxh7+ Kh8 16. cxb5 Rb8 17. b4 Nb7 18. Qg6 Rxf3 19. Qh5 1-0

[Event "Live Chess"]
[Site "Chess.com"]
[Date "2023.05.21"]
[Round "-"]
[White "Hacker_2009"]
[Black "Jo1ts"]
[Result "1-0"]
[WhiteElo "1934"]
[BlackElo "830"]
[TimeControl "300"]
[EndTime "22:25:41 PDT"]
[Termination "Hacker_2009 won by checkmate"]

1. d4 d5 2. Nf3 Nf6 3. e3 Nc6 4. c4 Bf5 5. Nc3 e6 6. a3 Be7 7. Be2 O-O 8. O-O Ne4 9. Nxe4 Bxe4 10. Nd2 Bf5 11. b4 e5 12. cxd5 Qxd5 13. Bf3 Qe6 14. d5 Qg6 15. dxc6 bxc6 16. Bb2 e4 17. Be2 Bh3 18.
g3 Rad8 19. Qc2 Rd5 20. Rfd1 Rfd8 21. Nxe4 Qf5 22. Rxd5 Rxd5 23. Rd1 h6 24. Qc3 Rxd1+ 25. Bxd1 Bf6 26. Nxf6+ gxf6 27. Qxf6 Qh7 28. Qd8# 1-0

[Event "Live Chess"]
[Site "Chess.com"]
[Date "2023.05.21"]
[Round "-"]
[White "tpm07"]
[Black "Singapourfeuj"]
[Result "0-1"]
[WhiteElo "1928"]
[BlackElo "2200"]
[TimeControl "300"]
[EndTime "22:25:47 PDT"]
[Termination "Singapourfeuj won by resignation"]

1. d4 Nf6 2. c4 g6 3. g3 Bg7 4. Bg2 O-O 5. Nc3 d6 6. e4 e5 7. Nf3 Nbd7 8. O-O exd4 9. Nxd4 Re8 10. f4 a6 11. Be3 Nc5 12. e5 dxe5 13. fxe5 Rxe5 14.
Bf4 Re8 15. Bg5 h6 16. Bxf6 Bxf6 17. Nd5 Bg7 18. Rc1 c6 0-1

[Event "Live Chess"]
[Site "Chess.com"]
[Date "2023.05.21"]
[Round "-"]
[White "chessfiction"]
[Black "RockTroll"]
[Result "1-0"]
[WhiteElo "2344"]
[BlackElo "2235"]
[TimeControl "300"]
[EndTime "22:26:32 PDT"]
[Termination "chessfiction won - game abandoned"]

1. e4 d5 2. d4 dxe4 3. f3 e5 4. c3 exd4 5. cxd4 exf3 6. Nxf3 Bb4+ 7. Nc3 Nf6 8. Bc4 Qe7+ 9. Ne5 O-O 10. O-O Nbd7 11. Bg5 Nxe5 12. dxe5 Qxe5 13. Bxf6 gxf6 14. Nd5 Bc5+ 15. Kh1 f5 16. Re1 1-0

[Event "Live Chess"]
[Site "Chess.com"]
[Date "2023.05.21"]
[Round "-"]
[White "Jonmill"]
[Black "raminguy"]
[Result "0-1"]
[WhiteElo "1236"]
[BlackElo "1954"]
[TimeControl "300"]
[EndTime "22:26:41 PDT"]
[Termination "raminguy won by resignation"]

1. e4 e5 2. Nc3 Nc6 3. Bc4 Nf6 4.
d3 Na5 5. Bb3 Nxb3 6. axb3 Bc5 7.
f4 d6 8. Nf3 Bg4 9. h3 Bxf3 10.
Qxf3 O-O 11. fxe5 dxe5 12. Bg5 Be7 13. Nd5 Nxd5 0-1

[Event "Live Chess"]
[Site "Chess.com"]
[Date "2023.05.21"]
[Round "-"]
[White "Doge_Dandolo"]
[Black "Ocelot32"]
[Result "1-0"]
[WhiteElo "1898"]
[BlackElo "1346"]
[TimeControl "300"]
[EndTime "22:26:48 PDT"]
[Termination "Doge_Dandolo won by resignation"]

1. Nf3 d5 2. c4 c6 3. g3 Nf6 4. Bg2 Bf5 5. d3 e6 6. Qb3 Qc7 7. Bf4 Bd6 8. Bxd6 Qxd6 9. Qxb7 O-O 10. Qxa8 Qb4+ 11. Nbd2 Qxb2 12. O-O Qb6 13. Rfb1 Qa6 14. Qb7 1-0

[Event "Live Chess"]
[Site "Chess.com"]
[Date "2023.05.21"]
[Round "-"]
[White "Nazar_777"]
[Black "seabuck"]
[Result "0-1"]
[WhiteElo "1617"]
[BlackElo "1889"]
[TimeControl "300"]
[EndTime "22:26:57 PDT"]
[Termination "seabuck won by checkmate"]

1. e3 d5 2. h4 c5 3. a3 Nc6 4. c4 Nf6 5. cxd5 Nxd5 6. Nc3 Bf5 7. Nf3 Nxc3 8. bxc3 e6 9. Qb3 Qc7 10. Ng5 h6 11.
Nf3 Be7 12. Bb2 O-O 13. Ke2 Rfd8 14. Ke1 Na5 15. Qd1 c4 16. Nd4 Bg6 17. Qc1 e5 18. Nf3 Nb3 19. Qb1 Nxa1 20. Qxa1 b5 21. g3 Be4 22. Bg2 Qb7 23. Qd1 Rd7 24. Rg1 Rad8 25.
Bc1 f6 26. Qe2 a5 27. Qf1 Bd3 28. Nh2 Qb6 29. Bd5+ Rxd5 30. Qg2 b4 31. axb4 axb4 32. cxb4 Bxb4 33. g4 c3 34. f4 cxd2+ 35. Bxd2 Bxd2+ 36. Kxd2 Qb2+ 37. Ke1 Qxg2 38. Rxg2 Be4 39. Rb2 Rd1+ 40. Kf2 R8d2+ 41. Kg3 Rg1+ 42. Kh3 Rxb2 43. g5 Bf5+ 44.
Ng4 Bxg4# 0-1

[Event "Live Chess"]
[Site "Chess.com"]
[Date "2023.05.21"]
[Round "-"]
[White "Conradical12"]
[Black "Grookey2012"]
[Result "1-0"]
[WhiteElo "1638"]
[BlackElo "563"]
[TimeControl "300"]
[EndTime "22:27:12 PDT"]
[Termination "Conradical12 won by resignation"]

1. e4 d5 2. exd5 Qxd5 3. Nc3 Qe6+ 4. Be2 Nf6 5. Nf3 h6 6. Nb5 Na6 7. Nc3 Bd7 8. O-O O-O-O 9. Nd4 Qd6 10. Ncb5 Bxb5 11.
Nxb5 Qb6 12. d4 Kb8 13. Be3 c6 14. d5 Qa5 15. Bf4+ e5 16. Bxe5+ Bd6 17. Bxd6+ Ka8 1-0

[Event "Live Chess"]
[Site "Chess.com"]
[Date "2023.05.21"]
[Round "-"]
[White "Long1968"]
[Black "Rusty_Bridges"]
[Result "0-1"]
[WhiteElo "1051"]
[BlackElo "1441"]
[TimeControl "300"]
[EndTime "22:27:32 PDT"]
[Termination "Rusty_Bridges won on time"]

1. e4 d6 2. d4 Nf6 3. Nc3 Nbd7 4. Bc4 e5 5. Nf3 h6 6. O-O c6 7. a4 Qc7 8. Be3 Be7 9. Qd3 g5 10. Rfd1 Nf8 11. b4 Ng6 12. b5 Nf4 13. Bxf4 gxf4 14. d5 c5 15. Rab1 Bg4 16. Rd2 b6 17. h3 Bh5 18.
Nh4 Bg6 19. Nf5 Bxf5 20. exf5 Kd7 21. Ne4 Nxe4 22. Qxe4 Bf6 23. Re1 Rag8 0-1

[Event "Live Chess"]
[Site "Chess.com"]
[Date "2023.05.21"]
[Round "-"]
[White "Singapourfeuj"]
[Black "Jo1ts"]
[Result "1-0"]
[WhiteElo "2200"]
[BlackElo "830"]
[TimeControl "300"]
[EndTime "22:27:37 PDT"]
[Termination "Singapourfeuj won by resignation"]

1. d4 d5 2. c4 Nf6 3. cxd5 Nxd5 4. e4 Nb6 5. Nc3 e6 6. Be3 Nc6 7. Nf3 Bb4 8. Be2 O-O 9. O-O Nc4 10. Bxc4 Na5 11. Be2 1-0

[Event "Live Chess"]
[Site "Chess.com"]
[Date "2023.05.21"]
[Round "-"]
[White "YrrriKharkiv"]
[Black "MaximKhimchenko"]
[Result "0-1"]
[WhiteElo "2039"]
[BlackElo "1375"]
[TimeControl "300"]
[EndTime "22:28:44 PDT"]
[Termination "MaximKhimchenko won on time"]

1. d4 e5 2. Nf3 exd4 3. Nxd4 Nc6 4. Nf3 Bc5 5. e3 Nf6 6. c4 d5 7. cxd5 Nxd5 8. Bd2 O-O 9. a3 Re8 10. Be2 Bg4 11. O-O Bd6 12. Nc3 Bxf3 13. Bxf3 Nf6 14. Nb5 Ne5 15. Nxd6 Qxd6 16. Bc3 Qxd1 17. Rfxd1 Nxf3+ 18. gxf3 Re6 19. Rd3 Kf8 20. Rad1 Ke7 21. Bb4+ Ke8 22.
Kf1 b6 23. e4 c5 24. Bd2 Rd8 25. Rxd8+ Kxd8 26. Bg5+ Ke7 27. Ke2 h6 28. Bh4 g5 29. Bg3 Nh5 30. Rd5 f6 31. Bb8 Ke8 32. Ke3 a6 33. Bc7 Kf7 34. Rd7+ Kg6 35. Rd6 Rxd6 36.
Bxd6 Ng7 37. Bb8 b5 38. a4 bxa4 39. f4 gxf4+ 40. Bxf4 Ne6 41. Bd6 f5 42. f4 h5 43.
Kd3 c4+ 44. Kxc4 fxe4 45. Kb4 Kf5 46. Kxa4 Nxf4 47. Ka5 e3 48. Kxa6 Nd3 0-1

[Event "Live Chess"]
[Site "Chess.com"]
[Date "2023.05.21"]
[Round "-"]
[White "SavagePawn7"]
[Black "matt1979"]
[Result "0-1"]
[WhiteElo "788"]
[BlackElo "1503"]
[TimeControl "300"]
[EndTime "22:29:43 PDT"]
[Termination "matt1979 won by resignation"]

1. e4 c5 2. d4 cxd4 3. c3 Nf6 4. e5 Nd5 5. Nf3 Nc6 6. cxd4 d6 7. Bb5 Qa5+ 8. Bd2 Qxb5 9. Nc3 Nxc3 10. Bxc3 Bg4 11.
h3 Bxf3 12. gxf3 dxe5 13. dxe5 Rd8 14. Qc1 Nxe5 15. Qe3 Nd3+ 16. Kd1 Nxb2+ 17. Kc2 Nc4 18. Qxa7 e6 19. Rab1 Qf5+ 20. Kc1 Ba3+ 21. Rb2 Bxb2+ 22.
Bxb2 Nxb2 23. Kxb2 O-O 24. Rc1 Rd2+ 25. Kb3 Qb5+ 26.
Ka3 Qb2+ 27. Ka4 Qxa2+ 28. Kb5 Qxa7 29. Rc3 Qa6+ 30. Kb4 Rb2+ 31. Kc5 Rc8+ 32. Kd4 Rxc3 33. Kxc3 Qb6 34. Kc4 Qb5+ 0-1

[Event "Live Chess"]
[Site "Chess.com"]
[Date "2023.05.21"]
[Round "-"]
[White "Shepherds_Pie"]
[Black "mirandaasilva"]
[Result "1-0"]
[WhiteElo "1920"]
[BlackElo "1670"]
[TimeControl "300"]
[EndTime "22:30:07 PDT"]
[Termination "Shepherds_Pie won by checkmate"]

1. c4 Nf6 2. Nc3 e6 3. e4 Bb4 4. e5 Bxc3 5. dxc3 Ne4 6. Qg4 f5 7. Qxg7 Rf8 8. Bd3 Nc6 9. Bh6 Qe7 10. Qxf8+ Qxf8 11. Bxf8 Kxf8 12. Nf3 b6 13. O-O Bb7 14.
Rfe1 Re8 15. Bxe4 fxe4 16. Rxe4 Re7 17. Rf4+ Kg8 18. Rd1 Rg7 19. g3 Nd8 20. Nd4 Nf7 21. Re1 a5 22. h4 a4 23. a3 Nh6 24. Nb5 Nf5 25. Kh2 h5 26. Nxc7 d5 27. exd6 Nxd6 28. Nxe6 Re7 29. Re5 Nf7 30. Rxf7 Kxf7 31. Ng5+ Kf6 32.
Rxe7 Kxe7 33. Nh3 Bf3 34. Nf4 Bd1 35. Kg1 Bb3 36. Kf1 Bxc4+ 37. Ke1 Bf7 38. Kd2 Kd6 39. Ke3 Kc5 40. Kd3 Bc4+ 41. Kd2 Bf7 42. f3 Kb5 43. g4 hxg4 44. fxg4 Kc4 45. g5 Kb3 46. Kc1 Bg8 47.
h5 Kc4 48. g6 b5 49. h6 Kb3 50. h7 Ka2 51. hxg8=Q+ Ka1 52. b3 b4 53. Qd5 axb3 54.
Qxb3 bxc3 55. Qb1# 1-0

[Event "Live Chess"]
[Site "Chess.com"]
[Date "2023.05.21"]
[Round "-"]
[White "CheckThis4"]
[Black "BillythekidFellowes"]
[Result "1-0"]
[WhiteElo "2493"]
[BlackElo "2030"]
[TimeControl "300"]
[EndTime "22:30:09 PDT"]
[Termination "CheckThis4 won by resignation"]

1. d4 e6 2. e4 d5 3. e5 c5 4. c3 Nc6 5. Nf3 Nge7 6. Bd3 Ng6 7. O-O Be7 8. Na3 a6 9. Nc2 O-O 10. g3 b5 11. h4 Nh8 12. h5 g6 13. Bh6 Re8 14.
Nh2 Bg5 15. Bxg5 Qxg5 16. Ng4 Rd8 17. f4 Qe7 18. Nf6+ Kg7 19. Qd2 Nb8 20. g4 Nd7 21. g5 h6 22. gxh6+ Kxh6 23. f5+ Kg7 24. Nxd7 Qxd7 25. f6+ Kh7 26. Qg5 c4 27. hxg6+ fxg6 28. Bxg6+ Nxg6 29. Qh5+ Kg8 30. Qxg6+ Kh8 31. Rf2 1-0

[Event "Live Chess"]
[Site "Chess.com"]
[Date "2023.05.21"]
[Round "-"]
[White "Ocelot32"]
[Black "Jonmill"]
[Result "0-1"]
[WhiteElo "1329"]
[BlackElo "1252"]
[TimeControl "300"]
[EndTime "22:30:47 PDT"]
[Termination "Jonmill won by resignation"]

1. e4 d6 2. d4 Nf6 3. Bd3 g6 4. Nf3 Bg7 5. O-O Nc6 6. c3 O-O 7. Bf4 Nh5 8. Be3 e5 9. d5 Ne7 10. h3 f5 11. Nbd2 f4 12. Bxf4 Nxf4 13. Bc2 Kh8 14. Re1 Ng8 15. Nf1 Qf6 16. Ne3 Nxh3+ 17. Kh1 Nxf2+ 0-1

[Event "Live Chess"]
[Site "Chess.com"]
[Date "2023.05.21"]
[Round "-"]
[White "raminguy"]
[Black "Doge_Dandolo"]
[Result "0-1"]
[WhiteElo "1945"]
[BlackElo "1907"]
[TimeControl "300"]
[EndTime "22:30:48 PDT"]
[Termination "Doge_Dandolo won by resignation"]

1. d4 d5 2. Nc3 Nf6 3. Bf4 c6 4. e3 h5 5. Nf3 Bf5 6. Ne5 Nbd7 7.
Be2 e6 8. f3 Bb4 9. O-O h4 10.
a3 Be7 11. Bd3 Bxd3 12. cxd3 O-O 13. Qe1 Qb6 14. Rb1 c5 15. dxc5 Qxc5 16. d4 Qb6 17.
Bg5 Bd6 18. Qxh4 Nxe5 19. Bxf6 Ng6 20. Qg5 gxf6 21. Qxf6 Be7 0-1

[Event "Live Chess"]
[Site "Chess.com"]
[Date "2023.05.21"]
[Round "-"]
[White "KeithArkell"]
[Black "Biranidun"]
[Result "1/2-1/2"]
[WhiteElo "2560"]
[BlackElo "2549"]
[TimeControl "300"]
[EndTime "22:31:21 PDT"]
[Termination "Game drawn by repetition"]

1. d4 Nf6 2. Nf3 g6 3. c4 Bg7 4.
Nc3 O-O 5. g3 d5 6. cxd5 Nxd5 7.
Bg2 Nb6 8. O-O Nc6 9. e3 Re8 10. b3 e5 11. Nxe5 Nxe5 12. dxe5 Qxd1 13. Rxd1 Bxe5 14. Bb2 c6 15. Rd2 Bf5 16. Ne2 Bxb2 17. Rxb2 Rad8 18. Nd4 Be4 19. Rc1 Bxg2 20. Kxg2 Nd5 21. b4 a6 22. a4 Nb6 23. Ra2 Ra8 24. Nb3 Nd5 25. Rc4 Re7 26. Kf3 Rae8 27. Nc5 Ra8 28. Rb2 Kg7 29. Rd4 Nc7 30. Ne4 Ne6 31. Rc4 Rd8 32. b5 cxb5 33. axb5 a5 34. b6 Rd5 35. h4 h5 36. Nc3 Rf5+ 37. Kg2 Rd7 38.
Rb5 Rxb5 39. Nxb5 Rd5 40. Nc7 Re5 41. Ne8+ Kf8 42. Nd6 Rc5 43. Ra4 Nd8 44. Nc4 Nc6 45. Nd6 Nd8 46. Nc4 Nc6 47. Nd6 Nd8 1/2-1/2

[Event "Live Chess"]
[Site "Chess.com"]
[Date "2023.05.21"]
[Round "-"]
[White "LaupMiths"]
[Black "Hacker_2009"]
[Result "1/2-1/2"]
[WhiteElo "1807"]
[BlackElo "1931"]
[TimeControl "300"]
[EndTime "22:31:37 PDT"]
[Termination "Game drawn by agreement"]

1. Nf3 c5 2. c4 Nc6 3. Nc3 d6 4. g3 Nf6 5. Bg2 e6 6. O-O Be7 7. d3 O-O 8. a3 b6 9. Rb1 Bb7 10. b4 cxb4 11. axb4 d5 12. b5 Nb4 13. Qb3 Rc8 14. cxd5 Nbxd5 15. Nxd5 Bxd5 16. Qa4 Qd7 17. Ne5 Qb7 18. e4 Bd6 19. Bb2 Qb8 20. exd5 Bxe5 21. dxe6 Bxb2 22. Rxb2 fxe6 23. Re2 Rfe8 24. Bc6 Re7 25.
Qb4 Qc7 26. Rfe1 a6 27. d4 axb5 28. Bxb5 Nd5 29. Qd2 Nc3 30. Re5 Nxb5 31. Rxb5 Qc6 32. Reb1 Rb7 33. Qb2 Rd8 34. Rxb6 Rxb6 35. Qxb6 Qxb6 36.
Rxb6 Rxd4 37. Rxe6 Kf7 1/2-1/2

[Event "Live Chess"]
[Site "Chess.com"]
[Date "2023.05.21"]
[Round "-"]
[White "smoggyrabbit"]
[Black "LutherSullivan"]
[Result "0-1"]
[WhiteElo "1739"]
[BlackElo "2185"]
[TimeControl "300"]
[EndTime "22:31:55 PDT"]
[Termination "LutherSullivan won on time"]

1. d4 Nf6 2. Nf3 g6 3. e3 Bg7 4. Be2 O-O 5. O-O d5 6. b4 a5 7. b5 Ne4 8. Bb2 c5 9. bxc6 bxc6 10. Nbd2 a4 11. c4 a3 12. Bc1 Nc3 13. Qe1 Nxe2+ 14. Qxe2 c5 15. cxd5 Ba6 16. Nc4 Qxd5 17. Nfd2 cxd4 18.
exd4 Nc6 19. Bxa3 Nxd4 20. Qd3 Rfc8 21. Rfc1 Ne2+ 22. Qxe2 Bxa1 23. Rxa1 Bxc4 24. Nxc4 Qxc4 25. Qxc4 Rxc4 26. Bxe7 Rxa2 27. Rd1 Kg7 28. h3 Rcc2 29. Bh4 h6 30. Bg3 Rc5 31. Rb1 Rac2 32. Rb7 Rc1+ 33.
Kh2 Rf5 34. Rb2 Rd1 35. Re2 Rdd5 36. Rb2 Rb5 37. Re2 h5 38. h4 Rb4 39. Rd2 Ra4 40.
Rc2 Kf6 41. Rc6+ Kg7 42. Rc2 Rfa5 43. Rd2 Ra2 44. Rd8 Rb5 45. Rc8 Re2 46. Rc7 Rb1 47. Rd7 Ree1 48. Bd6 Rh1+ 49. Kg3 Rb3+ 50. f3 Re1 51.
Bf4 Re2 52. Rc7 Rbb2 0-1